Map: Dusk Towers

Players

Miszu - Winner!

  • Race: Terran Terran
  • League: Master

Khyira

  • Race: Terran Terran
  • League: Grandmaster

VOD

Have the link to the VOD?

Description

Time

  • Played on: March 22, 2016, 5:02 p.m.
  • Length: 19:23
Show
View Real Time Build Order
Export as new Build Order

Miszu Terran - Winner!

Build Orders: 1/1/1, Banshee Rush 

Get SALT Encoding   

  12  0:01  SCV  
  13  0:13  SCV  
  14  0:18  Supply Depot  
  14  0:25  SCV  
  15  0:38  Refinery  
  15  0:40  SCV  
  16  0:44  Barracks  
  16  0:52  SCV  
  17  1:01  Refinery  
  17  1:04  SCV  
  18  1:16  SCV  
  19  1:31  Orbital Command  
  19  1:34  Factory  
  19  1:38  Supply Depot  
  19  1:43  Reaper  
  20  1:51  Supply Depot  
  20  1:57  SCV  
  21  2:09  SCV  
  22  2:18  Starport, Hellion  
  22  2:20  Barracks Tech Lab  
  24  2:24  SCV  
  25  2:36  Supply Depot, SCV  
  26  2:40  Hellion  
  28  2:48  SCV  
  29  3:00  SCV  
  29  3:03  Hellion  
  29  3:04  Banshee  
  35  3:06  Cloaking Field  
  35  3:12  SCV  
  36  3:26  SCV  
  37  3:31  Command Center  
  37  3:38  SCV  
  38  3:48  Banshee  
  38  3:51  SCV  
  39  4:04  Marine  
  39  4:05  Widow Mine  
  39  4:08  Engineering Bay  
  40  4:12  SCV  
  39  4:22  Supply Depot, Marine  
  40  4:24  SCV  
  41  4:36  SCV  
  41  4:39  Missile Turret  
  41  4:44  SCV  
  39  4:47  Viking  
  39  4:52  SCV  
  38  4:58  SCV  
  36  5:04  SCV  
  30  5:18  SCV  
  30  5:19  Orbital Command  
  28  5:29  Missile Turret  
  28  5:30  SCV  
  25  5:42  Raven, SCV  
  28  5:43  Barracks Reactor, Factory Tech Lab  
  28  5:45  SCV  
  29  5:54  SCV  
  30  5:57  SCV  
  31  6:06  SCV  
  31  6:09  SCV  
  33  6:16  Command Center  
  33  6:19  SCV  
  33  6:21  SCV  
  33  6:22  Siege Tank  
  38  6:31  SCV  
  39  6:33  SCV  
  39  6:36  Barracks  
  40  6:42  Barracks  
  40  6:43  Marine, SCV  
  40  6:45  SCV  
  43  6:48  Starport Reactor  
  43  6:54  Refinery  
  43  6:55  Refinery, SCV  
  43  6:57  Terran Infantry Weapons Level 1, SCV  
  45  7:07  SCV  
  46  7:09  SCV  
  47  7:19  SCV  
  47  7:22  SCV  
  49  7:23  Siege Tank  
  49  7:24  Stimpack  
  49  7:25  Engineering Bay, Medivac  
  49  7:26  Medivac  
  56  7:31  SCV  
  56  7:32  Supply Depot  
  56  7:33  Orbital Command  
  56  7:35  SCV  
  58  7:41  Marine  
  58  7:42  Marine  
  58  7:43  SCV  
  61  7:45  Marine, Barracks Tech Lab  
  61  7:47  SCV  
  63  7:51  Terran Infantry Armor Level 1  
  57  7:59  Marine x2  
  54  8:07  SCV x2  
  54  8:08  SCV  
  57  8:16  Marine  
  57  8:19  SCV x2  
  60  8:21  SCV  
  60  8:22  Marine  
  64  8:30  Armory  
  64  8:31  SCV x2  
  64  8:33  SCV  
  67  8:35  Combat Shields  
  67  8:37  Medivac  
  67  8:39  Medivac  
  69  8:43  SCV  
  69  8:45  SCV  
  69  8:46  Orbital Command  
  69  8:47  Supply Depot, Marine  
  69  8:48  Marine x3  
  75  8:57  Siege Tank  
  75  8:58  SCV x2  
  80  9:05  Marine  
  80  9:06  Marine x2  
  80  9:07  Marine  
  84  9:11  Barracks, SCV x2  
  84  9:12  SCV  
  84  9:14  Barracks  
  87  9:22  Medivac  
  87  9:23  Marine, SCV  
  87  9:24  Marine x2  
  92  9:29  Marine  
  93  9:34  Medivac, Siege Tank  
  93  9:35  SCV  
  97  9:41  Marine  
  97  9:44  SCV  
  101  9:47  Sensor Tower  
  101  9:49  Terran Infantry Armor Level 2  
  101  9:53  Refinery, SCV x2  
  101  9:55  Supply Depot  
  101  9:56  Supply Depot  
  101  9:58  Supply Depot  
  101  10:12  SCV  
  100  10:14  Medivac  
  100  10:17  SCV  
  97  10:29  Marine  
  83  10:43  SCV x2  
  83  10:50  Marine  
  83  10:51  Marine x5  
  83  10:52  Siege Tank  
  92  11:08  Marine  
  92  11:09  Marine x5, Refinery  
  98  11:12  SCV  
  98  11:14  Sensor Tower  
  98  11:15  SCV  
  98  11:16  Supply Depot  
  98  11:17  SCV  
  101  11:26  Marine  
  102  11:32  Terran Infantry Weapons Level 2  
  102  11:33  Terran Vehicle Weapons Level 1  
  102  11:34  SCV x2  
  102  11:38  Supply Depot  
  102  11:39  SCV  
  105  11:44  Siege Tank  
  105  11:46  Barracks Reactor, SCV  
  109  11:47  Barracks Reactor  
  109  11:53  SCV x2  
  110  11:56  Marine  
  110  11:58  Supply Depot, SCV  
  112  12:05  SCV  
  112  12:16  Missile Turret  
  112  12:20  Missile Turret  
  108  12:33  Marine x8  
  108  12:35  Medivac, Siege Tank  
  108  12:36  Medivac  
  114  12:43  Factory  
  111  12:44  Terran Infantry Armor Level 3  
  111  12:51  Marine x6  
  112  12:54  Marine, Reaper  
  112  12:56  SCV  
  112  12:58  SCV  
  121  12:59  SCV  
  122  13:05  Medivac  
  122  13:07  Siege Tank  
  122  13:08  Marine  
  122  13:09  Marine x5  
  122  13:12  Marine  
  116  13:20  Medivac  
  116  13:26  Marine x2, SCV  
  121  13:28  SCV x2  
  121  13:29  Command Center  
  121  13:30  Marine  
  124  13:35  Factory Tech Lab  
  124  13:38  SCV  
  124  13:40  Siege Tank, SCV  
  129  13:43  Marine x3  
  129  13:44  Marine  
  133  13:48  Marine x2  
  133  13:49  Marine x2  
  129  14:12  Siege Tank  
  124  14:22  Marine  
  124  14:23  Marine x7  
  132  14:27  Medivac x2, Siege Tank  
  139  14:35  Supply Depot  
  139  14:36  Supply Depot  
  139  14:39  Missile Turret  
  139  14:40  Marine  
  139  14:41  Marine x2, Reaper  
  139  14:43  Supply Depot, Marine  
  139  14:44  Siege Tank  
  144  14:57  Medivac  
  137  15:06  Marine  
  128  15:07  Marine x6  
  128  15:13  Marine  
  135  15:24  Marine, Siege Tank x2  
  135  15:25  Marine x6  
  148  15:31  Marine  
  147  15:42  Marine x7  
  147  15:45  Terran Vehicle Weapons Level 2  
  147  15:48  Marine  
  154  15:56  Medivac, Widow Mine  
  154  15:57  Siege Tank  
  161  16:00  Marine x3  
  164  16:15  Marine  
  164  16:16  Marine x4  
  164  16:17  Marine  
  169  16:25  Medivac, Siege Tank  
  172  16:29  Siege Tank  
  172  16:38  Marine  
  173  16:42  Marine  
  173  16:43  Marine x6  
  180  16:56  Marine  
  180  16:57  Siege Tank  
  180  17:00  Marine  
  180  17:01  Marine x4  
  159  17:26  Marine  
  159  17:27  Marine x7  
  167  17:30  Medivac x2  
  171  17:44  Marine  
  171  17:45  Marine x6, Marauder  
  171  17:51  Siege Tank  
  180  17:52  Siege Tank  
  173  18:00  Medivac  
  173  18:02  Marine  
  173  18:03  Marine x2, Medivac  
  180  18:11  Marine  
  180  18:12  Marine x2  
  180  18:18  Planetary Fortress  
  180  18:33  Marine  
  180  18:39  Marine x5  
  180  18:41  Medivac, Siege Tank  
  180  18:42  Siege Tank  
Show
View Real Time Build Order
Export as new Build Order

Khyira Terran 

Build Orders: 1/1/1, Bio Tank, Banshee Rush 

Get SALT Encoding   

  12  0:00  SCV  
  13  0:13  SCV  
  14  0:17  Supply Depot  
  14  0:25  SCV  
  15  0:31  Refinery  
  15  0:39  SCV  
  16  0:45  Barracks  
  16  0:51  SCV  
  17  1:03  SCV  
  18  1:15  SCV  
  20  1:33  Orbital Command  
  20  1:34  Marine  
  20  1:38  Factory  
  20  1:47  Refinery  
  20  1:51  Supply Depot  
  20  1:55  Marine  
  20  2:01  SCV  
  22  2:13  SCV  
  23  2:15  Marine  
  24  2:23  Starport  
  24  2:25  SCV  
  26  2:33  Factory Tech Lab  
  26  2:37  Supply Depot, SCV  
  25  2:44  Marine  
  25  2:49  SCV  
  27  3:01  SCV  
  27  3:02  Factory Tech Lab  
  28  3:06  Marine  
  28  3:09  Cloaking Field  
  28  3:10  Banshee  
  32  3:16  SCV  
  32  3:18  Supply Depot  
  33  3:24  Cyclone  
  33  3:25  Marine  
  37  3:30  SCV  
  38  3:43  Command Center  
  38  3:47  SCV  
  40  3:49  Barracks Reactor  
  39  3:55  Engineering Bay  
  38  4:08  Siege Tank  
  41  4:11  Viking  
  41  4:16  SCV  
  44  4:24  Missile Turret  
  44  4:28  SCV  
  30  5:09  SCV  
  30  5:12  Orbital Command  
  29  5:14  Missile Turret  
  28  5:21  SCV  
  27  5:30  Marine x2  
  27  5:33  SCV  
  32  5:42  Banshee  
  30  5:43  Siege Tank  
  30  5:45  SCV  
  30  5:46  SCV  
  35  5:53  Marine x2  
  37  5:57  SCV  
  37  5:58  SCV  
  39  6:09  SCV  
  39  6:10  SCV  
  41  6:23  SCV x2  
  43  6:26  Marine, Stimpack  
  43  6:32  Medivac  
  46  6:35  SCV x2  
  48  6:41  Medivac, Barracks x2  
  50  6:48  Refinery, SCV x2  
  50  6:52  Marine  
  53  6:55  Supply Depot  
  53  6:57  Terran Infantry Weapons Level 1  
  53  7:00  SCV x2  
  55  7:12  SCV x2  
  57  7:20  Marine  
  57  7:21  Siege Tank  
  58  7:24  SCV x2  
  60  7:30  Supply Depot  
  60  7:33  Starport Reactor  
  60  7:36  SCV x2  
  62  7:47  Marine  
  62  7:48  Supply Depot, Barracks Reactor, Marine, SCV x2  
  62  7:49  Marine  
  67  7:53  Siege Tank  
  70  8:05  Marine  
  64  8:09  Marine x2  
  65  8:14  SCV x2  
  65  8:16  Medivac  
  67  8:22  Refinery  
  67  8:23  Marine  
  67  8:24  Supply Depot  
  67  8:25  Marine x2, Siege Tank  
  67  8:26  SCV x2  
  75  8:27  Marine x2  
  75  8:28  Medivac  
  75  8:32  Command Center  
  79  8:38  Supply Depot, SCV x2  
  79  8:40  Combat Shields  
  79  8:41  Marine  
  81  8:43  Marine  
  81  8:45  Marine  
  84  8:50  SCV x2  
  84  8:55  Barracks  
  86  8:56  Barracks  
  86  9:02  SCV  
  86  9:04  Marine  
  86  9:05  Marine x4  
  86  9:06  Siege Tank  
  94  9:11  Medivac x2  
  94  9:14  SCV  
  94  9:15  SCV  
  100  9:27  SCV x2  
  101  9:34  Marine  
  102  9:43  Marine x3  
  105  9:47  Orbital Command  
  105  9:48  SCV x2  
  105  9:50  Barracks Reactor x2  
  107  9:54  Marine x2  
  109  10:00  Medivac, Siege Tank  
  109  10:01  Marine x2  
  115  10:07  Marine  
  115  10:12  Marine  
  115  10:13  Marine  
  116  10:17  Refinery, SCV x2  
  116  10:18  Refinery  
  116  10:19  Marine x2  
  116  10:25  Marine  
  117  10:28  Marine  
  117  10:30  Marine x3  
  117  10:31  Marine  
  117  10:33  Siege Tank  
  111  10:37  Marine x2  
  111  10:42  Marine  
  104  10:43  Marine  
  104  10:45  Terran Infantry Armor Level 1  
  104  10:46  Marine  
  104  10:47  Marine  
  104  10:49  Marine  
  104  10:50  Marine x2, Armory  
  104  10:51  Engineering Bay  
  104  10:54  Marine x2  
  109  10:59  Marine  
  109  11:01  Marine  
  109  11:03  SCV  
  109  11:04  Marine, SCV  
  113  11:05  Siege Tank  
  113  11:10  Supply Depot x3  
  117  11:25  Factory, Command Center  
  117  11:27  Barracks Reactor  
  117  11:30  Missile Turret  
  117  11:31  Marine x6, Medivac x2, SCV x3  
  117  11:32  Missile Turret x2  
  130  11:33  Marine, Missile Turret  
  130  11:38  Hellion  
  133  11:40  Marine  
  133  11:46  SCV x2  
  136  11:49  Marine x4  
  136  11:50  Terran Infantry Weapons Level 2  
  136  11:52  Terran Vehicle Weapons Level 1  
  136  11:54  Marine  
  141  12:06  Medivac, Siege Tank  
  139  12:15  Marine x5  
  136  12:19  Marine x2  
  141  12:33  Marine x3  
  141  12:34  Marine x2  
  141  12:36  Marine x3  
  144  12:37  Supply Depot  
  144  12:38  Supply Depot  
  144  12:40  Supply Depot  
  144  12:42  Supply Depot, Marine x2  
  146  12:45  Medivac x2, Siege Tank  
  153  12:51  Marine x3  
  156  12:59  Marine x6  
  156  13:02  Supply Depot x3  
  156  13:04  Planetary Fortress  
  162  13:06  Marine, Sensor Tower, SCV  
  162  13:09  Marine  
  163  13:15  Marine, Medivac  
  163  13:16  Marine  
  163  13:17  Marine x4  
  144  13:25  Marine x3  
  147  13:27  Marine  
  147  13:31  Siege Tank  
  147  13:32  Siege Tank  
  147  13:33  Marine, Medivac  
  147  13:34  Marine  
  157  13:35  SCV  
  159  13:44  Terran Infantry Armor Level 2  
  158  14:00  Marine x2, Medivac  
  158  14:02  Marine x7  
  162  14:03  Medivac  
  153  14:23  Marine  
  152  14:24  Marine x7  
  152  14:25  Siege Tank x2  
  152  14:29  Command Center  
  152  14:30  Medivac  
  167  14:31  Terran Infantry Weapons Level 3  
  167  14:33  Medivac  
  167  14:36  Barracks  
  167  14:38  Barracks x2  
  169  14:39  Factory  
  150  15:10  Marine x10  
  150  15:11  Medivac, Siege Tank x2  
  150  15:12  Medivac  
  169  15:27  Marine  
  149  15:57  Marine x13  
  149  15:58  Siege Tank x2  
  149  15:59  Medivac, Factory Tech Lab  
  149  16:00  Medivac  
  169  16:14  Marine  
  169  16:16  Marine x6  
  169  16:17  Marine x6  
  173  16:30  Siege Tank  
  173  16:32  Marine  
  173  16:33  SCV  
  173  16:34  SCV  
  164  16:41  Marine  
  155  16:58  Marine x8  
  155  16:59  Marine x5  
  155  17:00  Siege Tank  
  118  17:16  Marine x9  
  118  17:20  Marine  
  118  17:21  Marine  
  116  17:32  Marine  
  116  17:33  Marine x2  
  116  17:34  Marine x2  
  119  17:39  Marine x2  
  121  17:44  Marine  
  122  17:54  Marine x3  
  109  18:03  SCV x2  
  112  18:09  Marine  
  112  18:18  Marine x2  
  116  18:26  Siege Tank  
Tags
 
Add a new tag
Caveats
  • Supply blocks, unpowered buildings, or Contaminate may cause inaccurate times.
  • Supply counts are checked every 10 seconds.